Match 32380957
Unlisted

Match 32380957
End
Selects Advanced Infantry Battlegroup
Construct Barracks
Engineer Squad
Riflemen Squad
Riflemen Squad
Infantry Support Center
Riflemen Squad
1⁄4-ton 4x4 Truck
M1918 Browning Automatic Rifles
Construct Weapon Support Center
Selects Convert to Ranger Squad
Selects Frontline Medical Station
.30 cal Machine Gun
Frontline Medical Station
Demolitions Package
Construct Tank Depot
.30 cal Machine Gun
Selects Infantry Assault
M18 Hellcat Tank Destroyer
Selects Artillery Observers
Survival Training
Infantry Assault
M18 Hellcat Tank Destroyer
Selects M2A1 105mm Howitzer Emplacement
Selects 155mm Rapid Artillery Barrage
M18 Hellcat Tank Destroyer
M4(105) Sherman Bulldozer
Infantry Assault
.30 cal Machine Gun
M18 Hellcat Tank Destroyer
Infantry Assault
Gabe_Real
Random_Target
Turtleboy
Mace
Agonizer
Katunar
Shadi
mp1otr
0
0

Comments sign in to comment!

No comments posted yet!